 Dungeon Crawl Stone Soup version 0.22-a0-803-gd6d8abe (webtiles) character file.

53 iamserjio the Chiller (level 3, -12/19 HPs)
             Began as a Deep Elf Ice Elementalist on July 22, 2018.
             Blown up by Ijyb (20 damage)
             ... with a wand of disintegration (11)
             ... on level 3 of the Dungeon.
             The game lasted 00:05:18 (765 turns).

iamserjio the Chiller (Deep Elf Ice Elementalist)    Turns: 765, Time: 00:05:18

Health: -12/19     AC:  2    Str:  2 (5)  XL:     3   Next: 64%
Magic:  18/19      EV: 13    Int: 18 (20) God:
Gold:   30         SH:  0    Dex: 14 (15) Spells: 3/9 levels left

rFire    . . .     SeeInvis .   e - +0 short sword
rCold    . . .     Gourm    .   (no shield)
rNeg     . . .     Faith    .   a - +0 robe
rPois    .         Spirit   .   (no helmet)
rElec    .         Reflect  .   (no cloak)
rCorr    .         Harm     .   (no gloves)
MR       .....                  (no boots)
Stlth    ++........             (no amulet)
HPRegen  0.06/turn              m - ring of magical power
MPRegen  0.16/turn              (no ring)

@: no status effects
A: no striking features
a: no special abilities


You were on level 3 of the Dungeon.
You were not hungry.

You visited 1 branch of the dungeon, and saw 3 of its levels.

You collected 30 gold pieces.

Inventory:

Hand Weapons
 d - a +0 whip
 e - a +0 short sword (weapon)
Missiles
 b - 15 stones (quivered)
 l - 22 sling bullets
Armour
 a - a +0 robe (worn)
 n - a +0 leather armour
 o - a +3 leather armour of cold resistance
Jewellery
 h - an uncursed amulet of guardian spirit
 m - a ring of magical power (left hand)
Scrolls
 f - a scroll of amnesia {unknown}
 g - a scroll of noise {unknown}
Potions
 k - a potion of resistance {unknown}
Comestibles
 c - 3 rations
 i - 3 chunks of flesh


   Skills:
 + Level 3.1 Dodging
 - Level 2.4 Stealth
 + Level 3.7 Spellcasting
 * Level 2.0 Conjurations
 + Level 4.0 Ice Magic


You had 3 spell levels left.
You knew the following spells:

 Your Spells              Type           Power        Failure   Level  Hunger
a - Freeze                Ice            ###.         2%          1    None
b - Throw Frost           Conj/Ice       ##....       7%          2    ##.....
c - Ozocubu's Armour      Chrm/Ice       ##......     21%         3    ###....

Your spell library contained the following spells:

 Spells                   Type           Power        Failure   Level  Hunger
 Summon Ice Beast         Ice/Summ       ##......     54%         4    ####...
 Throw Icicle             Conj/Ice       ##......     41%         4    ####...


Dungeon Overview and Level Annotations

Branches:
Dungeon (3/15)

Altars:

Annotations:
D:2 Natasha
D:3 Ijyb


Message History

You see here a bat corpse.
Found a stone staircase leading up.
Ijyb the Twisted Goblin comes into view.
Found 14 gold pieces.
The helpless Ijyb fails to defend herself.
You hit Ijyb but do no damage.
Ijyb zaps a wand.
You are blasted!
Ouch! That really hurt!
It is a wand of disintegration (11).
Casting: Freeze (safe; 2% risk of failure)
Confirm with . or Enter, or press ? or * to list all spells.
Aiming: Freeze (safe; 2% risk of failure)
Press: ? - help, Shift-Dir - straight line, f - Ijyb
Aim: Ijyb, wearing a chain mail and carrying a wand of disintegration (11)
You freeze Ijyb.
Ijyb is lightly wounded.
Ijyb zaps a wand.
You are blasted!
Ouch! That really hurt!
You die...

#.#####.#
#...†...####
#######....# ####.#
# #.# ... #.#
##..########## #.#
.............# #.#
##....@####.#####.#
......g...........<#
....###.####.#######
... #.# #.# .. #.#
#.# #$# #.# #.# #.#
#.# #.. ##


You could see Ijyb.

Vanquished Creatures
  An adder (D:2)
  2 dart slugs (D:2)
  A leopard gecko (D:3)
  3 orcs (D:3)
  7 bats
  A goblin (D:2)
  5 hobgoblins
  3 jackals (D:1)
  A frilled lizard (D:2)
  8 kobolds
  3 rats
35 creatures vanquished.

Notes
Turn   | Place    | Note
-------+----------+-------------------------------------------
     0 | D:1      | iamserjio the Deep Elf Ice Elementalist began the quest for the Orb.
     0 | D:1      | Reached XP level 1. HP: 10/10 MP: 6/6
   164 | D:1      | Reached XP level 2. HP: 13/15 MP: 4/8
   366 | D:2      | Learned a level 2 spell: Throw Frost
   583 | D:2      | Reached skill level 4 in Ice Magic
   583 | D:2      | Reached XP level 3. HP: 16/19 MP: 10/10
   625 | D:2      | Learned a level 3 spell: Ozocubu's Armour
   724 | D:2      | Noticed Natasha
   757 | D:3      | Noticed Ijyb
   765 | D:3      | Blown up by Ijyb

Vault maps used:
D:1:      minmay_arrival_shattered_statue
D:2:      minmay_octomino_e4, uniq_natasha
D:3:      grunt_temple_overflow_forces_of_nature, trog_eyes_of_draining,
          uniq_terence, uniq_ijyb

Skill      XL: |  1  2  3 |
---------------+----------+-----
Dodging        | 3 |  3.1
Ice Magic      | 4 |  4.0
Conjurations   | 2 |  2.0
Stealth        | |  2.4
Spellcasting   | |  3.7

Action                   || total
-------------------------++-------
Melee: Short sword       ||    20
 Cast: Freeze            ||    50
  Use: Potion            ||     2
 Stab: Sleeping          ||     3
Armor: Robe              ||     6
Dodge: Dodged            ||    40

Table legend:
 A = Spawn XP
 B = Non-spawn XP
 C = Spawn XP percentage of total XP
 D = Spawn monster count
 E = Non-spawn monster count
 F = Spawn count percentage of total count
 G = Total turns spent on level
                    A         B        C        D         E        F      G
               +---------+---------+-------+---------+---------+-------+---------
         Total |       0 |      77 |   0.0 |       0 |      35 |   0.0 |   765
               +---------+---------+-------+---------+---------+-------+---------
           D:1 |       0 |      23 |   0.0 |       0 |      15 |   0.0 |   362
           D:2 |       0 |      40 |   0.0 |       0 |      15 |   0.0 |   331
           D:3 |       0 |      14 |   0.0 |       0 |       5 |   0.0 |    72
               +---------+---------+-------+---------+---------+-------+---------
